 Dungeon Crawl Stone Soup version 0.29.1-15-g9cfb28693d (webtiles) character file.

Game seed: 10782131013610786101

13144 browni3141 the Spear-Bearer (level 12, -4/88 HPs)
             Began as a Human Gladiator on Feb 25, 2023.
             Was an Elder of Nemelex Xobeh.
             Killed themself with a badly aimed iceblast (15 damage)
             ... on level 1 of the Lair of Beasts.
             The game lasted 00:48:49 (14867 turns).

browni3141 the Spear-Bearer (Human Gladiator)      Turns: 14867, Time: 00:48:49

Health: -4/88      AC: 15    Str: 19    XL:     12   Next: 29%
Magic:  16/18      EV: 12    Int: 13    God:    Nemelex Xobeh [****..]
Gold:   122        SH:  5    Dex: 15    Spells: 4/15 levels left

rFire   + . .      SeeInvis .   c - +9 trident "Meozoh" {elec, Str+4}
rCold   + . .      Faith    .   (no shield)
rNeg    . . .      Spirit   .   R - +0 acid dragon scales
rPois   .          Reflect  +   r - +2 helmet
rElec   .          Harm     .   L - scarf {rC+ rF+}
rCorr   +          Rampage  .   M - +2 pair of gloves
Will    .....                   Q - +1 pair of boots
Stlth   ++........              i - amulet of reflection
HPRegen 0.24/turn               Y - +4 ring of slaying
MPRegen 0.16/turn               Z - ring of wizardry

@: no status effects
A: no striking features
a: Renounce Religion, Draw Escape, Draw Destruction, Draw Summoning, Triple
Draw, Deal Four


You were on level 1 of the Lair of Beasts.
You worshipped Nemelex Xobeh.
Nemelex Xobeh was greatly pleased with you.
You visited 3 branches of the dungeon, and saw 13 of its levels.
You visited 1 bazaar.

You collected 805 gold pieces.
You spent 683 gold pieces at shops.


   Skills:
 + Level 6.1 Fighting
 * Level 12.2 Polearms
 - Level 2.0 Throwing
 + Level 3.3 Armour
 + Level 3.3 Dodging
 - Level 4.0 Stealth
 - Level 2.0 Spellcasting
 - Level 8.0 Hexes
 - Level 3.0 Summonings
 * Level 8.3 Invocations
 - Level 4.0 Evocations


You had 4 spell levels left.
You knew the following spells:

 Your Spells              Type           Power      Damage    Failure   Level
c - Cause Fear            Hex            11%        N/A       4%          4
g - Summon Guardian Gole  Hex/Summ       15%        N/A       4%          3
o - Confusing Touch       Hex            22%        N/A       1%          3
s - Slow                  Hex            88%        N/A       1%          1

Your spell library contained the following spells:

 Spells                   Type           Power      Damage    Failure   Level
 Beastly Appendage        Tmut           2%         N/A       13%         1
 Wereblood                Tmut           1%         N/A       19%         2
 Spider Form              Tmut/Pois      1%         N/A       34%         3
 Vampiric Draining        Necr           1%         2d6       34%         3
 Summon Forest            Summ/Tloc      2%         N/A       86%         5
 Eringya's Noxious Bog    Tmut/Pois      0%         N/A       100%        6
 Dragon Form              Tmut           0%         N/A       100%        7
 Orb of Destruction       Conj           0%         9d5       100%        7
 Spellforged Servitor     Conj/Summ      2%         N/A       100%        7
 Summon Hydra             Summ           4%         N/A       100%        7
 Dragon's Call            Summ           4%         N/A       100%        9

Inventory:

Hand Weapons
 a - a +0 spectral trident
 c - the +9 trident "Meozoh" (weapon) {elec, Str+4}
   (You bought it in a shop in a bazaar)

   It occasionally discharges a powerful burst of electricity upon striking a
   foe.
   Str:       It affects your strength (+4).
 P - a +5 trident of venom
Missiles
 d - a curare-tipped dart {@f4}
Armour
 r - a +2 helmet (worn)
 L - a scarf of resistance (worn)
 M - a +2 pair of gloves (worn)
 Q - a +1 pair of boots (worn)
 R - +0 acid dragon scales (worn)
Magical Staves
 U - a staff of death
Jewellery
 i - an amulet of reflection (around neck)
 w - a ring of magical power
 F - a ring of fire
 G - an amulet of guardian spirit
 N - a ring of positive energy
 W - a ring of magical power
 Y - a +4 ring of slaying (left hand)
 Z - a ring of wizardry (right hand)
Wands
 b - a wand of iceblast (4)
 H - a wand of paralysis (6)
 T - a wand of polymorph (5)
Scrolls
 j - 4 scrolls of teleportation {@r4}
 k - 2 scrolls of magic mapping
 l - a scroll of silence {!r}
 p - 2 scrolls of blinking {@r3}
 q - 2 scrolls of amnesia
 x - a scroll of poison {!r@f3}
 y - 2 scrolls of brand weapon
 z - a scroll of fog {@r5}
 D - 3 scrolls of enchant weapon {unknown}
 E - 3 scrolls of fear
 O - a scroll of noise {!r}
 S - 2 scrolls of vulnerability {!r}
Potions
 e - 3 potions of lignification {!q}
 f - 5 potions of curing {@q1}
 g - 3 potions of invisibility
 h - 4 potions of flight
 o - 2 potions of heal wounds {@q2}
 s - a potion of magic {unknown}
 t - a potion of ambrosia {unknown}
 v - 3 potions of might
 B - 4 potions of attraction {!q}
 C - a potion of resistance {unknown}
 J - 2 potions of degeneration {unknown}
 K - 7 potions of brilliance
Miscellaneous
 V - a condenser vane (inert)

Dungeon Overview and Level Annotations

Branches:
Dungeon (11/15)            Temple (1/1) D:5            Lair (1/5) D:8
    Orc (0/2) D:9

Altars:
Ashenzari
Cheibriados
Dithmenos
Elyvilon
Fedhas
Gozag
Hepliaklqana
Kikubaaqudgha
Makhleb
Nemelex Xobeh
Okawaru
Qazlal
Ru
Sif Muna
Trog
Uskayaw
Vehumet
Wu Jian
Xom
Yredelemnul
Zin
The Shining One

Shops:
D:5 *[*[(

Annotations:
D:4 3 runed translucent doors, booth's ghost, amateur GrMo
Lair:1 exclusion: death yak, Harold

P.....#..###................/.##
........#........P....##.......#
..##........#.##...#####.....###
...................### ###...Y
.###..P..##.......>..###......
..##.###.............#.......
.....# ###..##.............##
.##### #...............#.# .#
######.@#....#...# #.#
##†###...#..# ...# #.# .#..#....
#... .......... ... ### #
...>..##...... .. .....♣. ..## .
###..♣ .^...♣♣ ♣..# ....♣
......P ♣.. .##♣


There were no monsters in sight!


Message History

You are too injured to fight recklessly!
You hit the komodo dragon.
The komodo dragon is almost dead.
The komodo dragon bites you!
* * * LOW HITPOINT WARNING * * *
Unknown command.
Casting: Slow (safe; 1% risk of failure)
Confirm with . or Enter, or press ? or * to list all spells.
Okay, then.
Unknown command.
Aiming: Iceblast
Press: ? - help, Shift-Dir - straight line, f/p - komodo dragon
Aim: a komodo dragon (almost dead) That beam is likely to hit you.
Continue anyway?
The mass of ice explodes!
The iceblast engulfs the komodo dragon.
The komodo dragon is almost dead.
The iceblast engulfs you! You partially resist.
* * * LOW HITPOINT WARNING * * *
You hear an angry hiss.
You hear a croak.
You hear a bellow! x2
You block the komodo dragon's attack.
Unknown command.
Aiming: Iceblast
Press: ? - help, Shift-Dir - straight line, f/p - komodo dragon
Aim: a komodo dragon (almost dead) That beam is likely to hit you.
Continue anyway?
The mass of ice explodes!
The iceblast engulfs the komodo dragon!
You kill the komodo dragon!
The iceblast engulfs you! You partially resist.
You die...
Your body glows slightly and disappears.

Skill      XL: |  1  2  3  4  5  6  7  8  9 10 11 12 |
---------------+-------------------------------------+-----
Stealth        | 1 2 3 4 |  4.0
Armour         | 1 2 3 |  3.3
Hexes          | 1 2 3 4 6 7 8 |  8.0
Spellcasting   | 1 2 |  2.0
Fighting       | 4 5 6 |  6.1
Polearms       | 4 6 8 11 12 | 12.2
Evocations     | 3 4 |  4.0
Invocations    | 6 8 |  8.3
Summonings     | 3 |  3.0
Throwing       | |  2.0
Dodging        | |  3.3

Action                   |  1- 3 |  4- 6 |  7- 9 | 10-12 || total
-------------------------+-------+-------+-------+-------++-------
Melee: Trident           |    54 |   129 |   339 |   466 ||   988
       Staff             |       |     5 |       |       ||     5
       Punch             |       |     1 |     3 |    11 ||    15
 Fire: Sling             |    32 |    12 |     2 |       ||    46
Throw: Throwing net      |     1 |       |    12 |       ||    13
       Javelin           |       |       |     1 |       ||     1
 Cast: Slow              |       |    16 |    51 |    62 ||   129
       Confusing Touch   |       |       |     2 |     2 ||     4
       Cause Fear        |       |       |       |     8 ||     8
       Summon Guardian G |       |       |       |     2 ||     2
Invok: Draw Summoning    |       |       |       |     2 ||     2
       Draw Escape       |       |       |       |     1 ||     1
       Draw Destruction  |       |       |       |     1 ||     1
Evoke: Wand              |       |       |     3 |    12 ||    15
       Condenser vane    |       |       |       |     1 ||     1
  Use: Scroll            |       |       |     5 |    16 ||    21
       Potion            |       |       |     2 |       ||     2
 Stab: Sleeping          |     2 |     2 |     1 |     2 ||     7
       Held in net/web   |     1 |       |     4 |       ||     5
       Paralysed         |       |       |     5 |       ||     5
       Invisible         |       |       |     1 |       ||     1
       Confused          |       |       |     5 |     1 ||     6
       Distracted        |       |       |       |     3 ||     3
Armor: Leather armour    |     6 |       |       |       ||     6
       Scale mail        |     8 |     1 |       |       ||     9
       Robe              |       |    14 |    45 |    15 ||    74
       Acid dragon scale |       |       |       |    81 ||    81
Dodge: Dodged            |    16 |    67 |   144 |   147 ||   374
Block: Other             |     2 |    23 |    60 |    59 ||   144
       Tower shield      |    33 |     4 |       |       ||    37
       Reflection        |       |       |     3 |     4 ||     7

Levels and vault maps discovered:
D:1:      lightli_arrival_flooded_house, layout_basic, minivault_19,
          amcnicky_mini_corridor_feature, hangedman_decor_lopped,
          minmay_close_crescents
D:2:      layout_basic, ebering_ecumenical_altar_mist
D:3:      layout_loops_cross
D:4:      layout_rooms, grunt_temple_overflow_lords_of_destruction,
          gammafunk_ghost_icy, uniq_menkaure
D:5:      layout_rooms, mainiacjoe_overflow_large_starburst,
          minmay_temple_entry_glass, serial_shops,
          nicolae_shop_overgrown_old_shop, shop,
          nicolae_shop_bloodbath_and_beyond, shop, nicolae_shop_waterfront,
          ebering_ghost_sewer_f, minmay_strange_pillars, minmay_misc_feat_x
D:6:      layout_rooms, palyth_stone_intersect
D:7:      layout_basic
D:8:      minmay_bloctagon, layout_basic, grunt_lair_entry_orc_guard_hut
D:9:      layout_irregular_city, kennysheep_ying_yang, zombieorc2_lemuel,
          minivault_25_ag, minmay_quadrilaterals
D:10:     layout_cave_pods, grunt_temple_overflow_growth_and_decay,
          hangedman_decor_points
D:11:     layout_loops_ring, serial_shops, bzr_entry_gold, uniq_erica
Temple:   nicolae_temple_two_arcs
Lair:1:   gammafunk_lair_enchanted_lake, layout_misc_corridors,
          serial_bayou_shore_b, lemuel_fruit_fields, uniq_harold

Notes
Turn   | Place    | Note
-------+----------+-------------------------------------------
     0 | D:1      | browni3141 the Human Gladiator began the quest for the Orb.
     0 | D:1      | Reached XP level 1. HP: 16/16 MP: 1/1
   244 | D:1      | Reached skill level 1 in Stealth
   302 | D:1      | Reached XP level 2. HP: 22/22 MP: 2/2
   475 | D:1      | Reached skill level 2 in Stealth
   918 | D:2      | Found a faded altar of an unknown god.
   966 | D:2      | Reached XP level 3. HP: 27/27 MP: 3/3
  1309 | D:2      | Reached skill level 3 in Stealth
  1738 | D:3      | Learned a level 1 spell: Slow
  1933 | D:3      | Reached XP level 4. HP: 33/33 MP: 4/4
  2449 | D:3      | Reached skill level 1 in Armour
  2449 | D:3      | Reached skill level 1 in Hexes
  2507 | D:4      | Noticed Menkaure
  2555 | D:3      | Reached XP level 5. HP: 19/38 MP: 4/6
  2728 | D:4      | Reached skill level 1 in Spellcasting
  2804 | D:4      | Found a runed translucent gate.
  2804 | D:4      | Found a runed translucent gate.
  2804 | D:4      | Found a runed translucent gate.
  2962 | D:4      | Reached skill level 4 in Stealth
  3081 | D:4      | Found a burning altar of Makhleb.
  3081 | D:4      | Found a radiant altar of Vehumet.
  3087 | D:4      | Reached skill level 2 in Armour
  3087 | D:4      | Reached skill level 2 in Hexes
  3087 | D:4      | Reached XP level 6. HP: 43/44 MP: 6/8
  3246 | D:5      | Entered Level 5 of the Dungeon
  3300 | D:5      | Found Naokah's Weapon Shop.
  3368 | D:5      | Found a staircase to the Ecumenical Temple.
  3368 | D:5      | Identified a scarf of resistance
  3375 | D:5      | Noticed a black bear
  3394 | D:5      | Reached skill level 2 in Spellcasting
  3496 | D:5      | Reached XP level 7. HP: 25/50 MP: 1/10
  3675 | Temple   | Entered the Ecumenical Temple
  3820 | D:5      | Reached skill level 3 in Armour
  3820 | D:5      | Reached skill level 3 in Hexes
  3898 | D:5      | Found a runed translucent door.
  3899 | D:5      | Found Xityopor's Antique Armour Boutique.
  3899 | D:5      | Noticed croobank's ghost (novice OpDe)
  3904 | D:5      | Found Tufyvah's Antique Armour Emporium.
  3942 | D:5      | Killed croobank's ghost
  3943 | D:5      | Reached skill level 4 in Fighting
  3943 | D:5      | Reached skill level 4 in Polearms
  3943 | D:5      | Reached XP level 8. HP: 29/60 MP: 11/11
  3994 | D:5      | Found a runed translucent door.
  4049 | D:5      | Reached skill level 4 in Hexes
  4203 | D:5      | Found Geoloat's Assorted Antiques.
  4206 | D:5      | Found Matoiwoh's Assorted Antiques.
  4240 | D:5      | Bought a metallic silvery potion for 29 gold pieces
  4240 | D:5      | Bought a viscous silvery potion for 29 gold pieces
  4240 | D:5      | Bought a scroll labelled QOPNUU LI AHO for 33 gold pieces
  4240 | D:5      | Bought a shiny bronze wand for 132 gold pieces
  4315 | D:5      | Found an ornate altar of the Wu Jian Council.
  4321 | D:5      | Found a sparkling altar of Nemelex Xobeh.
  4344 | D:5      | Became a worshipper of Nemelex Xobeh the Trickster
  4597 | D:6      | Reached skill level 1 in Evocations
  4858 | D:6      | Reached skill level 5 in Fighting
  5117 | D:6      | Reached skill level 2 in Evocations
  5657 | D:7      | Reached skill level 5 in Polearms
  5657 | D:7      | Reached skill level 3 in Evocations
  6072 | D:7      | Reached * piety under Nemelex Xobeh
  6094 | D:7      | Reached skill level 6 in Polearms
  6094 | D:7      | Reached XP level 9. HP: 19/68 MP: 12/12
  6334 | D:7      | Learned a level 3 spell: Confusing Touch
  6353 | D:7      | Reached skill level 2 in Invocations
  6443 | D:7      | Reached skill level 3 in Invocations
  7075 | D:8      | Reached skill level 5 in Hexes
  7075 | D:8      | Reached skill level 4 in Invocations
  7221 | D:8      | Received a gift from Nemelex Xobeh
  7548 | D:8      | Reached skill level 5 in Invocations
  7561 | D:8      | Reached skill level 6 in Hexes
  7790 | D:5      | HP: 6/68 [poisoned by an orc priest]
  8237 | D:5      | Reached skill level 6 in Invocations
  8329 | D:5      | Found Naokah's Weapon Shop.
  8397 | D:5      | Found a sparkling altar of Nemelex Xobeh.
  8409 | D:5      | Found an ornate altar of the Wu Jian Council.
  8432 | D:5      | Found Matoiwoh's Assorted Antiques.
  8443 | D:5      | Found Geoloat's Assorted Antiques.
  8445 | D:5      | Found Tufyvah's Antique Armour Emporium.
  8486 | D:5      | Found Xityopor's Antique Armour Boutique.
  8493 | D:5      | Reached XP level 10. HP: 74/74 MP: 14/14
  8538 | D:5      | Found a staircase to the Ecumenical Temple.
  8774 | D:4      | Killed Menkaure
  8775 | D:4      | Reached skill level 7 in Polearms
  8835 | D:4      | Reached ** piety under Nemelex Xobeh
  8901 | D:4      | Noticed booth's ghost (amateur GrMo)
  9053 | D:4      | Learned a level 4 spell: Cause Fear
  9191 | D:8      | Noticed a centaur warrior
  9191 | D:8      | Noticed a komodo dragon
  9208 | D:8      | Killed a centaur warrior
  9209 | D:8      | Reached skill level 8 in Polearms
  9226 | D:7      | Reached skill level 7 in Hexes
 10196 | D:8      | Found a staircase to the Lair.
 10751 | D:9      | Found a white marble altar of Elyvilon.
 10909 | D:9      | Found a staircase to the Orcish Mines.
 10930 | D:9      | Reached XP level 11. HP: 46/81 MP: 13/16
 10951 | D:8      | Reached skill level 4 in Evocations
 11246 | D:9      | Reached skill level 9 in Polearms
 11380 | D:9      | Reached skill level 8 in Hexes
 11456 | D:9      | Reached *** piety under Nemelex Xobeh
 11468 | D:9      | Reached skill level 6 in Fighting
 11468 | D:9      | Reached skill level 7 in Invocations
 11472 | D:9      | Learned a level 3 spell: Summon Guardian Golem
 11540 | D:9      | Reached skill level 1 in Summonings
 11752 | D:9      | Found a basalt altar of Yredelemnul.
 12170 | D:10     | Entered Level 10 of the Dungeon
 12194 | D:10     | Noticed a two-headed ogre
 12212 | D:10     | Killed a two-headed ogre
 12213 | D:10     | Reached skill level 2 in Summonings
 12245 | D:10     | Received a gift from Nemelex Xobeh
 12295 | D:10     | Found a blossoming altar of Fedhas.
 12298 | D:10     | Found an ancient bone altar of Kikubaaqudgha.
 12556 | D:10     | Reached skill level 8 in Invocations
 12802 | D:10     | Reached skill level 3 in Summonings
 12900 | D:10     | Reached skill level 10 in Polearms
 12918 | D:10     | Received a gift from Nemelex Xobeh
 13466 | D:11     | Reached **** piety under Nemelex Xobeh
 13472 | D:11     | Noticed Erica
 13485 | D:11     | Killed Erica
 13600 | D:11     | Received a gift from Nemelex Xobeh
 13626 | D:11     | Found a flickering gateway to a bazaar.
 13658 | D:11     | Noticed a boulder beetle
 13687 | D:11     | Killed a boulder beetle
 13688 | D:11     | Reached skill level 11 in Polearms
 13841 | Bazaar   | Entered a bazaar
 13842 | Bazaar   | Found Feceuqes's Antique Weapon Boutique.
 13851 | Bazaar   | Found Riuchoaz's General Store.
 13856 | Bazaar   | Found Laeg Asa's Antique Weapon Emporium.
 13864 | Bazaar   | Found Tuzularo's Antique Weapon Emporium.
 13902 | Bazaar   | Found Wisikig's Antique Weapon Shop.
 13936 | Bazaar   | Bought a scorched trident for 178 gold pieces
 13936 | Bazaar   | Identified the +9 trident "Meozoh" {elec, Str+4} (You
                  | bought it in a shop in a bazaar)
 13946 | Bazaar   | Bought a scroll of silence for 114 gold pieces
 13946 | Bazaar   | Bought a potion of invisibility for 96 gold pieces
 13946 | Bazaar   | Bought a potion of flight for 36 gold pieces
 13946 | Bazaar   | Bought a potion of lignification for 36 gold pieces
 14083 | D:11     | Received a gift from Nemelex Xobeh
 14120 | D:11     | Reached XP level 12. HP: 88/88 MP: 18/18
 14456 | Lair:1   | Entered Level 1 of the Lair of Beasts
 14492 | Lair:1   | Noticed Harold
 14523 | Lair:1   | Reached skill level 12 in Polearms
 14570 | Lair:1   | Noticed a death yak
 14813 | Lair:1   | Received a gift from Nemelex Xobeh
 14867 | Lair:1   | Killed themself with a badly aimed iceblast

Vanquished Creatures
  A boulder beetle (D:11)
  Erica (D:11)
  A two-headed ogre (D:10)
  A black mamba (Lair:1)
  An unseen horror (D:11)
  A komodo dragon (Lair:1)
  The ghost of croobank the Covert, a novice OpDe of Gozag (D:5)
  4 blink frogs (Lair:1)
  2 shadows (D:9)
  2 vampires
  A wraith (D:9)
  14 yaks
  A basilisk (Lair:1)
  A steam dragon (D:9)
  Menkaure (D:4)
  3 acid dragons
  6 orc warriors
  3 water moccasins
  2 black bears
  2 sky beasts
  An ice beast (D:7)
  6 centaurs
  2 ogres
  2 phantoms
  3 kobold brigands
  4 bullfrogs
  A scorpion (D:6)
  3 gnoll sergeants (D:8)
  7 wights (D:9)
  2 troll zombies (D:9)
  15 killer bees
  2 howler monkeys (D:11)
  A crimson imp (D:4)
  9 hounds
  10 orc priests
  2 jellies
  10 orc wizards
  4 iguanas
  6 hell rats (Lair:1)
  6 ogre zombies (D:9)
  7 adders
  8 gnolls (D:8)
  3 white imps
  3 ufetubi
  A dart slug (D:4)
  33 orcs
  10 ball pythons
  5 endoplasms
  4 giant cockroaches
  6 goblins
  5 hobgoblins
  8 jackals
  8 kobolds
  4 quokkas
  5 bats
  3 frilled lizards
  A goblin skeleton (D:9)
  4 goblin zombies (D:9)
  A hobgoblin skeleton (D:9)
  8 hobgoblin zombies (D:9)
  4 orc skeletons (D:9)
  7 orc zombies (D:9)
  7 rats
290 creatures vanquished.

Vanquished Creatures (collateral kills)
  A centaur warrior (D:8)
  A centaur (D:8)
2 creatures vanquished.

Vanquished Creatures (others)
  An orc wizard (D:10)
  15 fungi
  17 plants
  6 toadstools (Lair:1)
39 creatures vanquished.

Grand Total: 331 creatures vanquished

Table legend: (Time is in decaauts)
 A = Elapsed time spent in this place.
 B = Non-inter-level travel time spent in this place.
 C = Inter-level travel time spent in this place.
 D = Time resting spent in this place.
 E = Time spent auto-exploring this place.
 F = Levels seen in this place.
 G = Mean time per level.
                   A        B        C        D        E       F      G
               +--------+--------+--------+--------+--------+-----+--------+
         Total |  14904 |  14180 |    724 |   2866 |   8294 |  14 | 1064.6 |
       Dungeon |  14275 |  13558 |    717 |   2866 |   7890 |  11 | 1297.7 |
        Temple |    120 |    114 |      6 |      0 |    106 |   1 |  120.0 |
          Lair |    397 |    397 |      0 |      0 |    239 |   1 |  397.0 |
        Bazaar |    110 |    110 |      0 |      0 |     59 |   1 |  110.0 |
               +--------+--------+--------+--------+--------+-----+--------+

Top non-repeatable levels by time:
     D:8: 2188 daAuts
     D:5: 2066 daAuts
     D:9: 1433 daAuts
     D:7: 1360 daAuts
     D:6: 1310 daAuts
    D:10: 1229 daAuts
     D:4: 1052 daAuts
     D:3: 1010 daAuts
     D:1: 918 daAuts
    D:11: 862 daAuts
     D:2: 841 daAuts
  Lair:1: 397 daAuts
  Temple: 120 daAuts
  Bazaar: 110 daAuts

Table legend:
 A = Non-vault XP
 B = Vault XP
 C = Vault XP percentage of total XP
 D = Non-vault monster count
 E = Vault monster count
 F = Vault count percentage of total count
                 A         B        C        D         E       F
            +---------+---------+-------+---------+---------+-------
      Total |   13000 |    6161 |  32.2 |     218 |      74 |  25.3
            +---------+---------+-------+---------+---------+-------
        D:1 |      15 |       9 |  37.5 |       9 |       6 |  40.0
        D:2 |      19 |       0 |   0.0 |      11 |       0 |   0.0
        D:3 |     135 |       0 |   0.0 |      22 |       0 |   0.0
        D:4 |     291 |     225 |  43.6 |      27 |       2 |   6.9
        D:5 |     899 |     398 |  30.7 |      23 |       4 |  14.8
        D:6 |     514 |       0 |   0.0 |      16 |       0 |   0.0
        D:7 |     765 |     220 |  22.3 |      10 |       2 |  16.7
        D:8 |     905 |    2708 |  75.0 |      23 |      18 |  43.9
        D:9 |    1106 |    1363 |  55.2 |      22 |      40 |  64.5
       D:10 |    2597 |       0 |   0.0 |      21 |       0 |   0.0
       D:11 |    2773 |     855 |  23.6 |      16 |       1 |   5.9
     Lair:1 |    2981 |     383 |  11.4 |      18 |       1 |   5.3
            +---------+---------+-------+---------+---------+-------
